 Dungeon Crawl Stone Soup version 0.31.0-32-g396128a36d (webtiles) character file.

Game seed: 16453752376410816910

928 unlimited1921 the Chopper (level 8, -6/67 HPs)
             Began as a Gnoll Cinder Acolyte on Apr 25, 2024.
             Was a High Priest of Ignis.
             Mangled by an ogre
             ... wielding a +0 giant club
              (31 damage)
             ... on level 5 of the Dungeon.
             The game lasted 00:16:41 (5301 turns).

unlimited1921 the Chopper (Gnoll Cinder Acolyte)    Turns: 5301, Time: 00:16:42

Health: -6/67      AC:  5    Str: 13    XL:     8   Next: 11%
Magic:  5/14       EV: 15    Int: 16    God:    Ignis [*****.]
Gold:   295        SH:  7    Dex:  8    Spells: 13/15 levels left

rFire   + . .        t - +3 hand cannon (freeze)
rCold   . . .        C - +0 kite shield
rNeg    . . .        m - +0 leather armour
rPois   .            w - +1 helmet
rElec   .            (no cloak)
rCorr   .            (no gloves)
SInv    .            (no boots)
Will    .....        A - amulet of the acrobat
Stlth   ++           o - +5 ring of evasion
HPRegen 0.31/turn    (no ring)
MPRegen 0.14/turn

%: acrobat
@: very slightly contaminated
A: fangs 1, strong nose, distributed training
a: Renounce Religion, Fiery Armour, Foxfire Swarm, Rising Flame


You were on level 5 of the Dungeon.
You worshipped Ignis.
Ignis was extremely pleased with you.
You visited 1 branch of the dungeon, and saw 5 of its levels.

You collected 295 gold pieces.

Inventory:

Hand Weapons
 a - a -1 hand axe of flaming
 t - a +3 hand cannon of freezing (weapon)
Missiles
 s - 2 curare-tipped darts
 u - 5 javelins
Armour
 b - a +0 robe
 c - a +0 scale mail
 m - a +0 leather armour (worn)
 w - a +1 helmet (worn)
 C - a +0 kite shield (worn)
 D - the +6 chain mail of the Planets {rPois rF+ Stlth+}
   (You found it on level 4 of the Dungeon)

   rF+:       It protects you from fire.
   rPois:     It protects you from poison Stlth+: It makes you more stealthy.
Jewellery
 i - a ring of see invisible
 o - a +5 ring of evasion (left hand)
 A - an amulet of the acrobat (around neck)
Wands
 r - a wand of roots (6)
 x - a wand of paralysis (6)
Scrolls
 e - 3 scrolls of amnesia
 f - 3 scrolls of fog {unknown}
 g - 3 scrolls of teleportation {unknown}
 n - a scroll of noise {unknown}
 p - a scroll of blinking {unknown}
 q - 2 scrolls of butterflies {unknown}
 y - a scroll of poison {unknown}
 z - a scroll of enchant weapon {unknown}
 B - a scroll of vulnerability {unknown}
Potions
 d - a potion of mutation
 h - 2 potions of cancellation
 j - 2 potions of curing {unknown}
 k - 3 potions of lignification {unknown}
 l - a potion of berserk rage
 v - a potion of brilliance {unknown}
 E - a potion of invisibility {unknown}
 F - a potion of might {unknown}


   Skills:
 + Level 7.3 Fighting
 + Level 3.1 Short Blades
 + Level 3.1 Long Blades
 + Level 7.3 Axes
 + Level 3.1 Maces & Flails
 + Level 3.1 Polearms
 + Level 3.1 Staves
 + Level 3.1 Ranged Weapons
 + Level 3.1 Throwing
 + Level 3.1 Armour
 + Level 3.1 Dodging
 + Level 3.1 Stealth
 + Level 3.1 Shields
 + Level 3.1 Unarmed Combat
 + Level 4.2 Spellcasting
 + Level 2.5 Conjurations
 + Level 2.5 Hexes
 + Level 2.5 Summonings
 + Level 2.5 Necromancy
 + Level 2.5 Translocations
 + Level 6.0 Fire Magic
 + Level 2.5 Ice Magic
 + Level 2.5 Air Magic
 + Level 2.5 Earth Magic
 + Level 2.5 Alchemy
 + Level 3.4 Invocations
 + Level 3.1 Evocations
 + Level 2.8 Shapeshifting


You had 13 spell levels left.
You knew the following spells:

 Your Spells              Type           Power      Damage    Failure   Level
a - Scorch                Fire           44%        2d6       10%         2

Your spell library contained the following spells:

 Spells                   Type           Power      Damage    Failure   Level
 Freeze                   Ice            44%        1d6       26%         1
 Blink                    Tloc           22%        N/A       38%         2
 Lesser Beckoning         Tloc           22%        N/A       38%         2
 Mercury Vapours          Alch/Air       22%        N/A       38%         2
 Momentum Strike          Conj/Tloc      22%        3d8       38%         2
 Sublimation of Blood     Necr           11%        N/A       38%         2
 Frozen Ramparts          Ice            22%        1d4       63%         3
 Hailstorm                Conj/Ice       11%        3d6       63%         3
 Mephitic Cloud           Conj/Alch/Air  11%        N/A       63%         3
 Petrify                  Alch/Erth      11%        N/A       95%         4
 Freezing Cloud           Conj/Ice/Air   5%         6-21      100%        5
 Irradiate                Conj/Alch      5%         3d13      100%        5
 Sculpt Simulacrum        Ice/Alch       5%         N/A       100%        6
 Ozocubu's Refrigeration  Ice            5%         4d8       100%        7
 Polar Vortex             Ice            5%         N/A       100%        9


Dungeon Overview and Level Annotations

Branches:
Dungeon (5/15)
 Temple: D:4-7

Altars:
Trog

Annotations:
D:3 1 runed translucent door, Crazy Yiuf
D:5 Edmund


Innate Abilities, Weirdness & Mutations

You have very sharp teeth.
Your uncanny sense of smell can sniff out nearby items.
Your experience applies equally to all skills.


Message History

Press: ? - help, Q - select action, (/) - cycle Shift-Dir - straight line, f - ogre, p - adder
Aim: an ogre, wielding a +0 giant club (77% to hit)
You shoot a bolt. The bolt closely misses the adder.
The bolt hits the adder.
The bolt freezes the adder.
You kill the adder!
You feel very sick. The adder bites you but does no damage.
The adder barely misses you.
Edmund the Younger comes into view.
He is wielding a +2 dire flail of protection.
You block the adder's attack.
Fire: t) +3 hand cannon (freeze)
Press: ? - help, Q - select action, (/) - cycle Shift-Dir - straight line, f/p - ogre
Aim: an ogre, wielding a +0 giant club (77% to hit)
You shoot a bolt. The bolt closely misses the adder.
The bolt barely misses the ogre.
You feel sick. The adder bites you but does no damage.
The adder barely misses you.
Casting: Scorch (safe; 10% risk of failure)
Confirm with . or Enter, or press ? or * to list all spells.
Flames lash the adder.
The adder is lightly wounded.
The adder's fire resistance burns away.
You feel sick. The adder misses you.
Edmund hits you with a +2 dire flail of protection.
Casting: Scorch (safe; 10% risk of failure)
Confirm with . or Enter, or press ? or * to list all spells.
Flames lash the adder.
The adder is burned terribly!
The adder is almost dead.
You feel sick. The adder bites you.
Edmund hits you with a +2 dire flail of protection.
Casting: Scorch (safe; 10% risk of failure)
Confirm with . or Enter, or press ? or * to list all spells.
You miscast Scorch.
You are very lightly contaminated with residual magic.
Nothing appears to happen.
You feel sick.
You are no longer poisoned.
Edmund hits you with a +2 dire flail of protection!
Casting: Scorch (safe; 10% risk of failure)
Confirm with . or Enter, or press ? or * to list all spells.
You miscast Scorch.
Nothing appears to happen.
Edmund closely misses you.
The ogre hits you with a +0 giant club!!
You die...

#.########## #.# ### ##
#.# #.. .# #.# #.# .#
#.# #.# ##. #.#####†#
#.. #.......# #.#
#######.# #@#
#######.######@#
............##O###
#.#####..#...#S#.######
#.........§.O....
#.##...###§######
#.###.## 5# ∆ #.# #.#
.# #.# #.# 5# #.# #.#
S#


You could see Edmund, an ogre and an adder (combustible).

Vanquished Creatures
  Pikel (D:5)
  An ogre (D:5)
  A lemure (D:5)
  A scorpion (D:4)
  A jelly (D:4)
  2 bombardier beetles
  An iguana (D:4)
  Ijyb (D:3)
  Natasha (D:3)
  Robin (D:3)
  6 adders
  2 ribbon worms
  2 dart slugs
  5 orcs
  4 ball pythons
  2 bats (D:1)
  3 endoplasms
  11 goblins
  8 hobgoblins
  3 jackals (D:1)
  4 kobolds
  3 quokkas
  2 frilled lizards
  6 rats (D:1)
72 creatures vanquished.

Notes
Turn   | Place    | Note
-------+----------+-------------------------------------------
     0 | D:1      | unlimited1921 the Gnoll Cinder Acolyte began the quest for
                  | the Orb.
     0 | D:1      | Reached XP level 1. HP: 23/23 MP: 4/4
   319 | D:1      | Reached XP level 2. HP: 13/29 MP: 5/5
   882 | D:1      | You fall into a shaft and drop 1 floor!
  1063 | D:2      | Found a bloodstained altar of Trog.
  1384 | D:2      | Reached XP level 3. HP: 19/35 MP: 7/7
  1562 | D:2      | Learned a level 2 spell: Scorch
  1852 | D:2      | Reached skill level 1 in Invocations
  2121 | D:2      | Reached skill level 1 in Short Blades
  2121 | D:2      | Reached skill level 1 in Long Blades
  2121 | D:2      | Reached skill level 1 in Maces & Flails
  2121 | D:2      | Reached skill level 1 in Polearms
  2121 | D:2      | Reached skill level 1 in Staves
  2121 | D:2      | Reached skill level 1 in Ranged Weapons
  2121 | D:2      | Reached skill level 1 in Throwing
  2121 | D:2      | Reached skill level 1 in Armour
  2121 | D:2      | Reached skill level 1 in Dodging
  2121 | D:2      | Reached skill level 1 in Stealth
  2121 | D:2      | Reached skill level 1 in Shields
  2121 | D:2      | Reached skill level 1 in Unarmed Combat
  2121 | D:2      | Reached skill level 1 in Evocations
  2790 | D:1      | Reached skill level 1 in Shapeshifting
  2790 | D:1      | Reached XP level 4. HP: 35/41 MP: 8/8
  3101 | D:1      | Found a faded altar of an unknown god.
  3281 | D:3      | Reached skill level 1 in Conjurations
  3281 | D:3      | Reached skill level 1 in Hexes
  3281 | D:3      | Reached skill level 1 in Summonings
  3281 | D:3      | Reached skill level 1 in Necromancy
  3281 | D:3      | Reached skill level 1 in Translocations
  3281 | D:3      | Reached skill level 1 in Ice Magic
  3281 | D:3      | Reached skill level 1 in Air Magic
  3281 | D:3      | Reached skill level 1 in Earth Magic
  3281 | D:3      | Reached skill level 1 in Alchemy
  3338 | D:3      | Found a runed translucent door.
  3339 | D:3      | Noticed Crazy Yiuf
  3629 | D:3      | Noticed Robin
  3637 | D:3      | Killed Robin
  3646 | D:3      | Reached XP level 5. HP: 40/47 MP: 6/9
  3692 | D:3      | Noticed Ijyb
  3694 | D:3      | Killed Ijyb
  4108 | D:3      | Noticed Natasha
  4113 | D:3      | Killed Natasha
  4350 | D:4      | Reached XP level 6. HP: 53/53 MP: 7/11
  4926 | D:4      | Identified the +6 chain mail of the Planets {rPois rF+
                  | Stlth+}
  5147 | D:5      | Entered Level 5 of the Dungeon
  5239 | D:5      | Reached XP level 7. HP: 60/60 MP: 12/12
  5284 | D:5      | Noticed Pikel
  5293 | D:5      | Killed Pikel
  5294 | D:5      | Reached XP level 8. HP: 51/67 MP: 12/14
  5296 | D:5      | Noticed Edmund
  5301 | D:5      | Mangled by an ogre

Illustrated notes

Levels and vault maps discovered:
D:1:      erik_arrival_blinker_ship, layout_loops_cross, basic_ecumenical_altar,
          nrook_mini_vaults, chequers_big_river
D:2:      layout_basic, basic_altar
D:3:      layout_loops_corners, uniq_natasha, uniq_robin, uniq_ijyb,
          uniq_crazy_yiuf_cottage
D:4:      layout_basic
D:5:      layout_loops_ring, kiku_gazebo_garden_becter, uniq_pikel, uniq_edmund,
          uniq_duvessa

Skill      XL: |  1  2  3  4  5  6  7 |
---------------+----------------------+-----
Invocations    | 1 2 3 |  3.4
Short Blades   | 1 2 3 |  3.1
Long Blades    | 1 2 3 |  3.1
Maces & Flails | 1 2 3 |  3.1
Polearms       | 1 2 3 |  3.1
Staves         | 1 2 3 |  3.1
Ranged Weapons | 1 2 3 |  3.1
Throwing       | 1 2 3 |  3.1
Armour         | 1 2 3 |  3.1
Dodging        | 1 2 3 |  3.1
Stealth        | 1 2 3 |  3.1
Shields        | 1 2 3 |  3.1
Unarmed Combat | 1 2 3 |  3.1
Evocations     | 1 2 3 |  3.1
Shapeshifting  | 1 2 |  2.8
Spellcasting   | 3 4 |  4.2
Conjurations   | 1 2 |  2.5
Hexes          | 1 2 |  2.5
Summonings     | 1 2 |  2.5
Necromancy     | 1 2 |  2.5
Translocations | 1 2 |  2.5
Ice Magic      | 1 2 |  2.5
Air Magic      | 1 2 |  2.5
Earth Magic    | 1 2 |  2.5
Alchemy        | 1 2 |  2.5
Fighting       | 7 |  7.3
Axes           | 7 |  7.3
Fire Magic     | 6 |  6.0

Action                     |  1- 3 |  4- 6 |  7- 9 || total
---------------------------+-------+-------+-------++-------
  Melee: Hand axe          |    78 |       |       ||    78
         Bite              |     4 |       |       ||     4
   Fire: Hand cannon       |    24 |    56 |    15 ||    95
   Cast: Scorch            |     3 |    11 |     2 ||    16
    Use: Scroll            |     1 |     5 |       ||     6
 Armour: Skin              |     8 |       |       ||     8
         Robe              |     7 |       |       ||     7
         Scale mail        |    42 |       |       ||    42
         Leather armour    |    10 |     9 |    13 ||    32
  Dodge: Dodged            |    46 |    19 |     9 ||    74
  Block: Kite shield       |       |     1 |     7 ||     8
